 Dungeon Crawl Stone Soup version 0.28-a0-447-g1f95980246 (webtiles) character file.

Game seed: 5551793075897153852

24 Shayle the Magician (level 3, -2/29 HPs)
             Began as a Djinni Warper on Sept 13, 2021.
             Slain by a hobgoblin (4 damage)
             ... on level 3 of the Dungeon.
             The game lasted 00:02:52 (1811 turns).

Shayle the Magician (Djinni Warper)                 Turns: 1811, Time: 00:02:53

Health: -2/29      AC:  8    Str: 10    XL:     3   Next: 15%
Gold:   32         EV:  8    Int: 15    God:
                   SH:  0    Dex: 12

rFire   + + .      SeeInvis .     - Unarmed
rCold   . . .      Faith    .   (no shield)
rNeg    . . .      Spirit   .   e - +2 scale mail {rC+}
rPois   ∞          Reflect  .   (no helmet)
rElec   .          Harm     .   (no cloak)
rCorr   .          Rampage  .   (no gloves)
Will    .....                   (boots unavailable)
Stlth   ..........              (no amulet)
HPRegen 0.09/turn               (no ring)
MPRegen 0.00/turn               (no ring)

@: flying
A: sickness immunity, fire resistance 2, cold vulnerability 1, float, innate
caster, hp casting, extra vitality 1
a: no special abilities


You were on level 3 of the Dungeon.
You visited 1 branch of the dungeon, and saw 4 of its levels.

You collected 32 gold pieces.

Inventory:

Armour
 a - a +0 leather armour
 e - a +2 scale mail of cold resistance (worn)
Scrolls
 d - a scroll of holy word {unknown}
 h - a scroll of identify {unknown}
Potions
 f - a potion of brilliance {unknown}


   Skills:
 + Level 2.3 Fighting
 - Level 0.7 Throwing
 + Level 1.3 Armour
 - Level 2.1 Dodging
 + Level 2.6 Unarmed Combat
 + Level 2.6 Spellcasting


You couldn't memorise any spells.
You knew the following spells:

 Your Spells              Type           Power      Damage    Failure   Level
a - Blink                 Tloc           N/A        N/A       58%         2
b - Lesser Beckoning      Tloc           9%         N/A       82%         3
c - Gell's Gravitas       Tloc           4%         N/A       82%         3
d - Teleport Other        Tloc           9%         N/A       82%         3
e - Manifold Assault      Tloc           9%         N/A       100%        5
f - Sandblast             Erth           18%        2d7       43%         1
Your spell library was empty.

Dungeon Overview and Level Annotations

Branches:
Dungeon (4/15)
 Temple: D:4-7

Altars:

Annotations:
D:4 Dowan, Duvessa


Innate Abilities, Weirdness & Mutations

You are immune to sickness and miasma.
You are immune to poison.
Your flesh is very heat resistant. (rF++)
You are vulnerable to cold. (rC-)
You float through the air rather than walking.
You learn spells naturally, not from books.
Your magical power is your life essence.
You have superior vitality. (+4 HP)


Message History

You hit the orc but do no damage.
The orc is lightly wounded.
The orc hits you with a +0 war axe.
You hit the orc but do no damage.
The orc is lightly wounded.
The orc completely misses you.
You closely miss the orc.
The orc is lightly wounded.
An orc wizard comes into view. It is wielding a +1 dagger of venom.
The orc hits you with a +0 war axe.
The orc wizard moves out of view.
You closely miss the orc.
The orc is lightly wounded.
The orc hits you with a +0 war axe!
You closely miss the orc.
The orc is lightly wounded.
The orc closely misses you.
You hit the orc.
The orc is moderately wounded.
The orc hits you with a +0 war axe.
* * * LOW HITPOINT WARNING * * *
You aren't carrying any items that you can evoke.
Unknown command.
Blink to where?
Press: ? - help, Dir - move target
As you read the scroll of blinking, it crumbles to dust.
An endoplasm and a hobgoblin come into view.
Found 13 gold pieces.
The hobgoblin shouts!
The orc throws a boomerang.
The boomerang barely misses you. The hobgoblin hits you.
* * * LOW HITPOINT WARNING * * *
Found 13 gold pieces.
The hobgoblin barely misses you. The hobgoblin barely misses you.
You hit the hobgoblin but do no damage. The hobgoblin hits you.
* * * LOW HITPOINT WARNING * * *
You barely miss the hobgoblin. The hobgoblin barely misses you.
You hit the hobgoblin.
The hobgoblin is severely wounded.
The hobgoblin hits you.
You die...

####..#.###.###.#......
#..#.## #.#######
#..#.....###.#######
#........$J.........
#.##########.#######
#.# #.o...# #.#
#J#.........
#g#.........
#@#.....$..#
#.#........#
#.#........#
#.####.##### #.# .# #.#
#.. #..


You could see an orc, an endoplasm and a hobgoblin.

Vanquished Creatures
  An adder skeleton (D:4)
  2 orcs (D:3)
  An endoplasm (D:1)
  3 hobgoblins (D:1)
  3 jackals (D:1)
  A quokka (D:1)
  3 kobolds
  3 rats (D:1)
17 creatures vanquished.

Notes
Turn   | Place    | Note
-------+----------+-------------------------------------------
     0 | D:1      | Shayle the Djinni Warper began the quest for the Orb.
     0 | D:1      | Reached XP level 1. HP: 18/18 MP: 0/0
   676 | D:1      | Reached XP level 2. HP: 14/23 MP: 0/0
  1432 | D:2      | You are sucked into a shaft and drop 2 floors!
  1708 | D:4      | Reached XP level 3. HP: 24/28 MP: 0/0
  1708 | D:4      | Learned a level 1 spell: Sandblast
  1708 | D:4      | Noticed Duvessa
  1711 | D:4      | Noticed Dowan
  1811 | D:3      | Slain by a hobgoblin

Illustrated notes

Levels and vault maps discovered:
D:1:      elethiomel_arrival_shortcut, layout_loops_cross,
          serial_co_window_serial, co_window_of_opportunity_a,
          co_window_corner_a, co_window_corner_a, co_window_corner_a,
          co_window_paths_a, co_window_of_opportunity_b,
          co_window_of_opportunity_c, co_window_broadway_b, co_window_paths_d,
          glass_columns_a
D:2:      kennysheep_big_flooded_room, layout_loops_corners,
          shapermc_ecumenical_altar_mp_highgroup, minmay_lizard_pond
D:3:      cheibrodos_pilgrimage, layout_basic, zin_scriptorium,
          elyvilon_altar_1, uniq_terence
D:4:      layout_basic, mainiacjoe_overflow_paths,
          minmay_temple_entry_water_ring, kennysheep_generic_room_15,
          uniq_duvessa, uniq_ijyb

Action                   || total
-------------------------++-------
Melee: Unarmed           ||   127
Throw: Boomerang         ||     5
  Use: Potion            ||     2
       Scroll            ||     1
Armor: Leather armour    ||     4
       Scale mail        ||    40
Dodge: Dodged            ||    55

Table legend: (Time is in decaauts)
 A = Elapsed time spent in this place.
 B = Non-inter-level travel time spent in this place.
 C = Inter-level travel time spent in this place.
 D = Time resting spent in this place.
 E = Time spent auto-exploring this place.
 F = Levels seen in this place.
 G = Mean time per level.
                   A        B        C        D        E       F      G
               +--------+--------+--------+--------+--------+-----+--------+
         Total |   1808 |   1767 |     41 |    171 |   1302 |   4 |  452.0 |
       Dungeon |   1808 |   1767 |     41 |    171 |   1302 |   4 |  452.0 |
               +--------+--------+--------+--------+--------+-----+--------+

Top non-repeatable levels by time:
     D:1: 1362 daAuts
     D:4: 209 daAuts
     D:3: 168 daAuts
     D:2: 67 daAuts
